AoeStats
← AiM | Facu1414

African Clearing

505592388Analyzed
4v4 RM · 21d ago on Sep 10, 2026· 38m 37s· 8 players
Game mode
Random Map
Map size
Large (8 player)
Population
200
Speed
Normal
Resources
Standard
Victory
Conquest
Starting age
Dark Age
Ending age
Imperial Age
RankedLock teamsTeams togetherTeam positionsShared explorationLock speedFull tech treeHidden civsTurbo modeCheats
Victory
Defeat
1611
+13
🇲🇽 Vietnamese · Mexico
1596
+14
🇦🇷 Cumans · Argentina
1592
+14
🇦🇷 Khitans · Argentina
1577
+15
🇺🇸 Persians · United States
1586
-15
1545
-14
🇻🇳 Magyars · Vietnam
1540
-14
🇦🇷 Slavs · Argentina
1521
-13
DS_Gabo
12:56 Feudal Age
13:36 Loom
13:50 Loom
16:53 Castle Age
16:28 Double-Bit Axe
27:35 Bow Saw
28:16 Gold Mining
28:58 Fletching
31:06 Bodkin Arrow
36:05 Wheelbarrow
35:16 Town Watch
CTM | black forest best map
11:35 Loom
14:01 Feudal Age
17:46 Castle Age
15:46 Fishing Lines
15:57 Double-Bit Axe
18:45 Fletching
31:01 Ballistics
31:19 Horse Collar
33:03 Bow Saw
33:25 Heavy Plow
39:10 Imperial Age
37:02 Gold Mining
37:54 Wheelbarrow
37:59 Bloodlines
37:50 Husbandry
38:03 Bodkin Arrow
timembh
10:08 Loom
13:55 Feudal Age
19:05 Castle Age
17:25 Double-Bit Axe
19:29 Horse Collar
20:17 Town Watch
20:43 Bow Saw
26:12 Scale Barding Armor
28:08 Chain Barding Armor
29:20 Husbandry
29:27 Fletching
30:44 Wheelbarrow
30:15 Bodkin Arrow
36:01 Hand Cart
37:33 Bloodlines
[BRANCA] Lord_FeDe
11:40 Loom
13:27 Feudal Age
18:40 Double-Bit Axe
22:12 Castle Age
20:12 Horse Collar
22:25 Scale Barding Armor
22:12 Gold Mining
24:32 Bow Saw
26:05 Husbandry
32:30 Bloodlines
34:27 Forging
34:35 Heavy Plow
35:38 Gold Shaft Mining
36:37 Wheelbarrow
35:47 Town Watch
36:44 Chain Barding Armor
39:11 Iron Casting
38:31 Stone Mining
CTM | HerectorAlejandroBotas
4:42 Loom
12:56 Feudal Age
17:47 Castle Age
15:43 Double-Bit Axe
18:20 Fletching
19:19 Bow Saw
19:15 Bodkin Arrow
20:51 Padded Archer Armor
23:49 Leather Archer Armor
25:14 Ballistics
26:03 Horse Collar
27:13 Bow Saw
27:50 Town Watch
35:45 Wheelbarrow
AiM | Facu1414
5:56 Loom
12:42 Feudal Age
13:10 Double-Bit Axe
14:43 Horse Collar
18:54 Wheelbarrow
22:38 Town Watch
25:22 Castle Age
23:29 Scale Barding Armor
23:34 Forging
24:18 Bloodlines
25:12 Gold Mining
26:30 Chain Barding Armor
26:46 Iron Casting
26:38 Bow Saw
27:27 Gold Shaft Mining
32:28 Hand Cart
35:20 Town Patrol
AIM | Agua cate 98
6:10 Loom
11:59 Feudal Age
15:12 Double-Bit Axe
16:53 Town Watch
18:01 Forging
20:25 Domestication
22:31 Wheelbarrow
23:13 Gold Mining
25:51 Castle Age
25:23 Scale Barding Armor
26:05 Light Cavalry
27:19 Chain Barding Armor
30:19 Husbandry
31:37 Bow Saw
32:54 Iron Casting
32:51 Pastoralism
35:24 Hand Cart
41:03 Imperial Age
AiM | Fubuki Sinri
11:02 Loom
12:47 Feudal Age
17:28 Castle Age
15:19 Double-Bit Axe
16:11 Fletching
17:06 Gold Mining
18:14 Bodkin Arrow
22:40 Horse Collar
23:10 Bow Saw
25:15 Ballistics
27:48 Wheelbarrow
26:58 Town Watch
31:34 Padded Archer Armor
34:10 Husbandry
34:50 Stone Mining
35:15 Hand Cart
35:00 Town Patrol
39:19 Imperial Age
37:16 Heavy Plow
37:59 Thumb Ring
38:41 Leather Archer Armor
Connection lost

Rejoining the realm…

Still unreachable

The connection could not be restored.

Session expired

The server has moved on; the page needs a fresh start.